Reno Silver Aces vs Cape Breton Oilers
Created - Tuesday, November 5, 2024 at 08:55
Goals
|
| Reno Silver Aces |
1 |
0 |
1 |
2 |
| Cape Breton Oilers |
0 |
1 |
0 |
1 |
|
Shots
|
| Reno Silver Aces |
11 |
9 |
16 |
36 |
| Cape Breton Oilers |
6 |
8 |
12 |
26 |
|
1st period
1. Reno Silver Aces , Mathieu Olivier 25 (Patrick Brown 34) at 17:04
Penalties :
Nicolas Deslauriers (RSA) for Holding (Minor) at 3:02, Matt Luff (CBO) for Hooking (Minor) at 7:30
2nd period
2. Cape Breton Oilers , Brett Seney 32 (Philip Broberg 25, Hunter Jones) at 6:09 (PP)
Penalties :
Nathan Gaucher (RSA) for Slashing (Minor) at 4:34, William Trudeau (CBO) for Cross-checking (Minor) at 12:06
3rd period
3. Reno Silver Aces , Zachary L'Heureux 3 (William Dufour 7, Robert Bortuzzo 21) at 17:01
Penalties :
Tanner Laczynski (RSA) for Goalie Interference (Minor) at 10:59, Vladislav Kolyachonok (CBO) for Tripping (Minor) at 11:14, Vladislav Kolyachonok (CBO) for Cross-checking (Minor) at 18:07
Goalie Stats
Philipp Grubauer (RSA), 25 saves from 26 shots - (0.962), W, 17-16-3, 60:00 minutes
Hunter Jones (CBO), 34 saves from 36 shots - (0.944), L, 18-11-4, 60:00 minutes
Players Stats for Reno Silver Aces
Player Name G A P +/- PIM S H SB GA TA FO MP PP MP PK MP
------------------------------------------------------------------------------------
Brendan Lemieux 0 0 0 1 0 1 3 0 0 1 0/0 13:28 0:02 0:14
Dylan Coghlan 0 0 0 1 0 3 3 0 0 0 0/0 20:53 3:01 2:00
Jeremie Poirier 0 0 0 1 0 0 2 1 0 0 0/0 13:25 0:00 0:00
Jon Merrill 0 0 0 0 0 1 1 4 1 1 0/0 25:42 3:04 1:49
Mathieu Olivier 1 0 1 1 0 5 2 0 0 0 0/0 17:34 2:37 1:57
Michael Pezzetta 0 0 0 0 0 6 1 0 2 0 1/1 19:29 3:05 1:41
Nathan Gaucher 0 0 0 1 2 0 1 0 0 0 1/2 9:30 0:59 0:00
Nicolas Deslauriers 0 0 0 0 2 2 1 0 0 0 2/3 14:01 0:05 0:00
Patrick Brown 0 1 1 1 0 5 0 1 0 0 5/7 15:17 2:44 0:00
Peter Abbandonato 0 0 0 0 0 0 0 0 0 0 9/14 13:44 0:00 0:00
Robert Bortuzzo 0 1 1 0 0 0 3 3 1 1 0/0 25:42 3:04 1:49
Tanner Laczynski 0 0 0 0 2 3 1 0 0 0 16/20 16:16 2:46 0:00
Ty Smith 0 0 0 1 0 1 0 2 0 0 0/0 20:53 3:01 2:00
Valtteri Puustinen 0 0 0 0 0 4 3 1 3 1 6/6 19:32 3:08 1:41
Vinnie Hinostroza 0 0 0 0 0 3 0 1 0 0 2/3 18:41 2:49 2:05
William Dufour 0 1 1 1 0 0 1 0 1 0 0/0 8:26 0:00 0:00
William Villeneuve 0 0 0 1 0 0 0 0 0 0 0/0 13:25 0:00 0:00
Zachary L'Heureux 1 0 1 1 0 2 1 0 2 0 0/0 8:26 0:00 0:00
Players Stats for Cape Breton Oilers
Player Name G A P +/- PIM S H SB GA TA FO MP PP MP PK MP
------------------------------------------------------------------------------------
Alex Belzile 0 0 0 0 0 0 0 0 0 0 2/4 6:49 0:00 0:00
Alexey Toropchenko 0 0 0 0 0 2 3 1 2 0 1/7 21:57 1:41 2:51
Brennan Othmann 0 0 0 -1 0 3 0 0 1 2 0/0 13:50 0:00 0:00
Brett Seney 1 0 1 0 0 1 3 0 0 0 0/2 13:28 1:41 0:00
Carl Grundstrom 0 0 0 0 0 2 1 0 1 0 0/0 7:29 0:01 0:00
Dominic Toninato 0 0 0 -1 0 2 2 1 0 0 3/7 14:03 0:00 0:13
Jonny Brodzinski 0 0 0 -1 0 1 1 0 0 1 3/11 17:20 2:07 0:00
Kevin Bahl 0 0 0 -1 0 1 0 2 0 4 0/0 24:41 1:18 2:59
Leon Gawanke 0 0 0 -1 0 0 0 1 0 0 0/0 14:25 0:00 0:09
Luke Evangelista 0 0 0 -1 0 5 2 0 0 0 0/0 21:01 2:07 2:38
Matt Luff 0 0 0 0 2 0 0 0 0 0 0/0 3:50 0:01 0:00
Max Jones 0 0 0 -1 0 2 2 0 0 0 0/2 17:38 0:01 3:14
Parker Kelly 0 0 0 0 0 2 2 1 0 0 5/22 17:18 1:41 3:14
Philip Broberg 0 1 1 -1 0 2 1 1 0 0 0/0 24:41 1:18 2:59
Vladislav Kolyachonok 0 0 0 0 4 1 0 0 0 1 0/0 20:03 2:30 2:05
Will Cuylle 0 0 0 -1 0 1 3 0 0 0 0/1 17:20 2:07 0:00
William Trudeau 0 0 0 -1 2 0 2 0 0 0 0/0 14:09 0:00 0:52
Wyatt Kaiser 0 0 0 0 0 1 0 2 0 2 0/0 22:05 2:31 3:06
3 Stars
1 - Philipp Grubauer (RSA)
2 - Mathieu Olivier (RSA)
3 - Hunter Jones (CBO)
Power Play
Reno Silver Aces - 0 on 4 Attempt(s) - 0.00%
Cape Breton Oilers - 1 on 3 Attempt(s) - 33.33%
Penalty Kill
Reno Silver Aces - 2 on 3 Attempt(s) - 66.67%
- Score 0 goal in Penalty Kill
Cape Breton Oilers - 4 on 4 Attempt(s) - 100.00%
- Score 0 goal in Penalty Kill
Team Stat
Reno Silver Aces - Hits : 23 - Faceoff Wins : 42 - Blocked Shots : 13 - Penalty Minutes : 6
Cape Breton Oilers - Hits : 22 - Faceoff Wins : 14 - Blocked Shots : 9 - Penalty Minutes : 8
Official
Referees : Corey Syvret and Francois St Laurent
Linesman : Ryan Gibbons and Matt MacPherson
Game Notes
No Game Note
Reno Silver Aces
5 vs 5 Forward
Center Left Wing Right Wing Time % Phy DF OF
1 Tanner Laczynski Valtteri Puustinen Michael Pezzetta 30 1 2 2
2 Peter Abbandonato Vinnie Hinostroza Nicolas Deslauriers 30 1 2 2
3 Patrick Brown Brendan Lemieux Mathieu Olivier 25 1 2 2
4 Nathan Gaucher Zachary L'Heureux William Dufour 15 1 2 2
5 vs 5 Defense
Defense Defense Time % Phy DF OF
1 Robert Bortuzzo Jon Merrill 30 1 2 2
2 Dylan Coghlan Ty Smith 30 1 2 2
3 Jeremie Poirier William Villeneuve 25 1 2 2
4 Robert Bortuzzo Jon Merrill 15 1 2 2
PowerPlay Forward
Center Left Wing Right Wing Time % Phy DF OF
1 Patrick Brown Valtteri Puustinen Michael Pezzetta 50 1 2 2
2 Tanner Laczynski Vinnie Hinostroza Mathieu Olivier 50 1 2 2
PowerPlay Defense
Defense Defense Time % Phy DF OF
1 Robert Bortuzzo Jon Merrill 50 1 2 2
2 Dylan Coghlan Ty Smith 50 1 2 2
Penalty Kill 4 Players Forward
Center Wing Time % Phy DF OF
1 Valtteri Puustinen Michael Pezzetta 50 1 2 2
2 Vinnie Hinostroza Mathieu Olivier 50 1 2 2
Penalty Kill 4 Players Defense
Defense Defense Time % Phy DF OF
1 Robert Bortuzzo Jon Merrill 50 1 2 2
2 Dylan Coghlan Ty Smith 50 1 2 2
Penalty Kill - 3 Players Forward
Forward Time % Phy DF OF
1 Valtteri Puustinen 50 1 2 2
2 Michael Pezzetta 50 1 2 2
Penalty Kill - 3 Players Defense
Defense Defense Time % Phy DF OF
1 Robert Bortuzzo Jon Merrill 50 1 2 2
2 Dylan Coghlan Ty Smith 50 1 2 2
4 vs 4 Forward
Center Wing Time % Phy DF OF
1 Valtteri Puustinen Michael Pezzetta 50 1 2 2
2 Vinnie Hinostroza Mathieu Olivier 50 1 2 2
4 vs 4 Defense
Defense Defense Time % Phy DF OF
1 Robert Bortuzzo Jon Merrill 50 1 2 2
2 Dylan Coghlan Ty Smith 50 1 2 2
Last Minutes Offensive
Center Left Wing Right Wing Defense Defense
Patrick Brown Valtteri Puustinen Michael Pezzetta Robert Bortuzzo Jon Merrill
Last Minutes Defensive
Center Left Wing Right Wing Defense Defense
Patrick Brown Valtteri Puustinen Michael Pezzetta Robert Bortuzzo Jon Merrill
Goaltenders
Starting : Philipp Grubauer
Backup : Mackenzie Blackwood
Extra Forwards
Normal : Nathan Gaucher, Nicolas Deslauriers, Brendan Lemieux - PP : Nathan Gaucher, Nicolas Deslauriers - PK : Brendan Lemieux
Extra Defensemen
Normal : Jeremie Poirier, William Villeneuve, Dylan Coghlan - PP : Jeremie Poirier - PK : William Villeneuve, Dylan Coghlan
Penalty Shots
Valtteri Puustinen, Michael Pezzetta, Vinnie Hinostroza, Mathieu Olivier, Patrick Brown
Scratches
Marshall Rifai (Healthy), Jacob Melanson (Healthy), Frederic Brunet (Healthy), Christian Kyrou (Healthy), Blade Jenkins (Healthy)
Mac Hollowell (Healthy), Wyatte Wylie (Healthy), Nathan Legare (Healthy), Jiri Patera (Healthy), Dustin Tokarski (Healthy)
Cape Breton Oilers
5 vs 5 Forward
Center Left Wing Right Wing Time % Phy DF OF
1 Parker Kelly Brett Seney Alexey Toropchenko 30 1 2 2
2 Jonny Brodzinski Will Cuylle Luke Evangelista 30 1 2 2
3 Dominic Toninato Brennan Othmann Max Jones 25 1 2 2
4 Alex Belzile Alexey Toropchenko Carl Grundstrom 15 1 2 2
5 vs 5 Defense
Defense Defense Time % Phy DF OF
1 Kevin Bahl Philip Broberg 30 1 2 2
2 Wyatt Kaiser Vladislav Kolyachonok 30 1 2 2
3 Leon Gawanke William Trudeau 25 1 2 2
4 Kevin Bahl Philip Broberg 15 1 2 2
PowerPlay Forward
Center Left Wing Right Wing Time % Phy DF OF
1 Parker Kelly Brett Seney Alexey Toropchenko 50 1 2 2
2 Jonny Brodzinski Will Cuylle Luke Evangelista 50 1 2 2
PowerPlay Defense
Defense Defense Time % Phy DF OF
1 Kevin Bahl Philip Broberg 50 1 2 2
2 Wyatt Kaiser Vladislav Kolyachonok 50 1 2 2
Penalty Kill 4 Players Forward
Center Wing Time % Phy DF OF
1 Alexey Toropchenko Luke Evangelista 50 1 2 2
2 Max Jones Parker Kelly 50 1 2 2
Penalty Kill 4 Players Defense
Defense Defense Time % Phy DF OF
1 Kevin Bahl Philip Broberg 50 1 2 2
2 Wyatt Kaiser Vladislav Kolyachonok 50 1 2 2
Penalty Kill - 3 Players Forward
Forward Time % Phy DF OF
1 Alexey Toropchenko 50 1 2 2
2 Luke Evangelista 50 1 2 2
Penalty Kill - 3 Players Defense
Defense Defense Time % Phy DF OF
1 Kevin Bahl Philip Broberg 50 1 2 2
2 Wyatt Kaiser Vladislav Kolyachonok 50 1 2 2
4 vs 4 Forward
Center Wing Time % Phy DF OF
1 Alexey Toropchenko Luke Evangelista 50 1 2 2
2 Max Jones Parker Kelly 50 1 2 2
4 vs 4 Defense
Defense Defense Time % Phy DF OF
1 Kevin Bahl Philip Broberg 50 1 2 2
2 Wyatt Kaiser Vladislav Kolyachonok 50 1 2 2
Last Minutes Offensive
Center Left Wing Right Wing Defense Defense
Parker Kelly Brett Seney Alexey Toropchenko Kevin Bahl Philip Broberg
Last Minutes Defensive
Center Left Wing Right Wing Defense Defense
Parker Kelly Brett Seney Alexey Toropchenko Kevin Bahl Philip Broberg
Goaltenders
Starting : Hunter Jones
Backup : Unknown Goalie
Extra Forwards
Normal : Matt Luff, Carl Grundstrom, Dominic Toninato - PP : Matt Luff, Carl Grundstrom - PK : Dominic Toninato
Extra Defensemen
Normal : Leon Gawanke, William Trudeau, Wyatt Kaiser - PP : Leon Gawanke - PK : William Trudeau, Wyatt Kaiser
Penalty Shots
Alexey Toropchenko, Luke Evangelista, Max Jones, Parker Kelly, Jonny Brodzinski
Scratches
Chase Stillman (Healthy), Nolan Allan (Healthy), Josh Bloom (Healthy), Mike Benning (Healthy), Maxim Groshev (Healthy)
Jonah Gadjovich (Healthy), Jacob Ingham (Healthy), Joel Blomqvist (Healthy), Matt Villalta (Healthy)
% Time on Ice - Reno Silver Aces
Lines # - Real PCT - Wanted PCT - Time Play
Normal Forward
1 - 28% - 30% - 13:45
2 - 28% - 30% - 13:46
3 - 26% - 25% - 12:25
4 - 17% - 15% - 8:26
Normal Defense
1 - 30% - 30% - 14:22
2 - 31% - 30% - 15:09
3 - 28% - 25% - 13:20
4 - 11% - 15% - 5:31
PP Forward
1 - 54% - 50% - 3:16
2 - 46% - 50% - 2:49
PP Defense
1 - 50% - 50% - 3:04
2 - 50% - 50% - 3:01
PK Forward
1 - 44% - 50% - 1:41
2 - 56% - 50% - 2:08
PK Defense
1 - 48% - 50% - 1:49
2 - 52% - 50% - 2:00
PK3 Forward
1 - 0% - 50%
2 - 0% - 50%
PK3 Defense
1 - 0% - 50%
2 - 0% - 50%
44 Forward
1 - 66% - 50% - 1:09
2 - 34% - 50% - 0:35
44 Defense
1 - 54% - 50% - 0:56
2 - 46% - 50% - 0:48
Last Minute Offensive - 0:00
Last Minute Defensive - 0:00
Total
Forward - 60:00
Defense - 60:00
|
% Time on Ice - Cape Breton Oilers
Lines # - Real PCT - Wanted PCT - Time Play
Normal Forward
1 - 25% - 30% - 12:05
2 - 32% - 30% - 15:38
3 - 29% - 25% - 13:50
4 - 14% - 15% - 6:49
Normal Defense
1 - 28% - 30% - 13:44
2 - 32% - 30% - 15:26
3 - 27% - 25% - 13:14
4 - 12% - 15% - 5:58
PP Forward
1 - 44% - 50% - 1:41
2 - 56% - 50% - 2:08
PP Defense
1 - 34% - 50% - 1:18
2 - 66% - 50% - 2:31
PK Forward
1 - 47% - 50% - 2:51
2 - 53% - 50% - 3:14
PK Defense
1 - 49% - 50% - 2:59
2 - 51% - 50% - 3:06
PK3 Forward
1 - 0% - 50%
2 - 0% - 50%
PK3 Defense
1 - 0% - 50%
2 - 0% - 50%
44 Forward
1 - 68% - 50% - 1:11
2 - 32% - 50% - 0:33
44 Defense
1 - 40% - 50% - 0:42
2 - 60% - 50% - 1:02
Last Minute Offensive - 0:00
Last Minute Defensive - 0:00
Total
Forward - 60:00
Defense - 60:00
|
Play-by-Play
1st period
0:01 of 1st period - Tanner Laczynski wins face-off versus Parker Kelly in neutral zone.
0:04 of 1st period - Snap shot by Valtteri Puustinen.
0:04 of 1st period - Shot Misses the Net.
0:06 of 1st period - Wrist shot by Tanner Laczynski.
0:06 of 1st period - Stopped by Hunter Jones without a rebound.
0:07 of 1st period - Tanner Laczynski wins face-off versus Parker Kelly in Cape Breton Oilers zone.
0:31 of 1st period - Off-side.
0:32 of 1st period - Jonny Brodzinski wins face-off versus Peter Abbandonato in neutral zone.
0:57 of 1st period - Vladislav Kolyachonok is hit by Brendan Lemieux and loses puck.
1:20 of 1st period - Wrist shot by Carl Grundstrom.
1:20 of 1st period - Stopped by Philipp Grubauer without a rebound.
1:21 of 1st period - Alex Belzile wins face-off versus Nathan Gaucher in Reno Silver Aces zone.
1:28 of 1st period - Wrist shot by Carl Grundstrom.
1:28 of 1st period - Shot Misses the Net.
1:51 of 1st period - Icing by William Trudeau.
1:52 of 1st period - Patrick Brown wins face-off versus Jonny Brodzinski in Cape Breton Oilers zone.
2:09 of 1st period - Snap shot by Jonny Brodzinski.
2:09 of 1st period - Stopped by Philipp Grubauer with a rebound.
2:15 of 1st period - William Trudeau is hit by Brendan Lemieux.
2:26 of 1st period - Snap shot by Patrick Brown.
2:26 of 1st period - Stopped by Hunter Jones with a rebound.
2:28 of 1st period - Wrist shot by Mathieu Olivier.
2:28 of 1st period - Stopped by Hunter Jones without a rebound.
2:29 of 1st period - Tanner Laczynski wins face-off versus Parker Kelly in Cape Breton Oilers zone.
2:45 of 1st period - Off-side.
2:46 of 1st period - Dominic Toninato wins face-off versus Peter Abbandonato in neutral zone.
3:02 of 1st period - Minor Penalty to Nicolas Deslauriers for Holding.
3:03 of 1st period - Valtteri Puustinen wins face-off versus Parker Kelly in Reno Silver Aces zone.
3:29 of 1st period - Robert Bortuzzo is hit by Will Cuylle and loses puck.
5:02 of 1st period - Penalty to Nicolas Deslauriers is over, Nicolas Deslauriers is back on ice.
6:07 of 1st period - Max Jones is hit by Valtteri Puustinen and loses puck.
6:36 of 1st period - Robert Bortuzzo is hit by Brett Seney and loses puck.
7:00 of 1st period - Alexey Toropchenko is hit by Robert Bortuzzo and loses puck.
7:13 of 1st period - Mathieu Olivier is hit by Dominic Toninato.
7:17 of 1st period - Wrist shot by Brendan Lemieux.
7:17 of 1st period - Shot Misses the Net.
7:30 of 1st period - Minor Penalty to Matt Luff for Hooking.
7:31 of 1st period - Michael Pezzetta wins face-off versus Max Jones in Cape Breton Oilers zone.
7:59 of 1st period - Valtteri Puustinen is hit by Alexey Toropchenko and loses puck.
8:27 of 1st period - Icing by Michael Pezzetta.
8:28 of 1st period - Tanner Laczynski wins face-off versus Alexey Toropchenko in Reno Silver Aces zone.
8:33 of 1st period - Wyatt Kaiser is hit by Tanner Laczynski and loses puck.
9:30 of 1st period - Penalty to Matt Luff is over, Matt Luff is back on ice.
9:39 of 1st period - Snap shot by Alexey Toropchenko.
9:39 of 1st period - Stopped by Philipp Grubauer without a rebound.
9:40 of 1st period - Nathan Gaucher wins face-off versus Jonny Brodzinski in Reno Silver Aces zone.
10:27 of 1st period - Slapshot by Vladislav Kolyachonok.
10:27 of 1st period - Shot Blocked by Vinnie Hinostroza.
10:29 of 1st period - Slapshot by Wyatt Kaiser.
10:29 of 1st period - Stopped by Philipp Grubauer with a rebound.
10:31 of 1st period - Wrist shot by Brennan Othmann.
10:31 of 1st period - Shot Misses the Net.
11:01 of 1st period - Wrist shot by Michael Pezzetta.
11:01 of 1st period - Stopped by Hunter Jones without a rebound.
11:02 of 1st period - Tanner Laczynski wins face-off versus Alex Belzile in Cape Breton Oilers zone.
11:27 of 1st period - Wrist shot by Michael Pezzetta.
11:27 of 1st period - Stopped by Hunter Jones with a rebound.
12:14 of 1st period - Snap shot by Alexey Toropchenko.
12:14 of 1st period - Deflect By Parker Kelly.
12:14 of 1st period - Shot Blocked by Jeremie Poirier.
12:14 of 1st period - Puck is out of play.
12:15 of 1st period - Tanner Laczynski wins face-off versus Dominic Toninato in Reno Silver Aces zone.
12:24 of 1st period - Max Jones is hit by Dylan Coghlan and loses puck.
12:31 of 1st period - Wrist shot by Michael Pezzetta.
12:31 of 1st period - Shot Misses the Net.
13:08 of 1st period - Snap shot by Patrick Brown.
13:08 of 1st period - Stopped by Hunter Jones without a rebound.
13:09 of 1st period - Tanner Laczynski wins face-off versus Parker Kelly in Cape Breton Oilers zone.
13:38 of 1st period - Wrist shot by Tanner Laczynski.
13:38 of 1st period - Stopped by Hunter Jones with a rebound.
13:56 of 1st period - Snap shot by Max Jones.
13:56 of 1st period - Shot Misses the Net.
13:58 of 1st period - Wrist shot by William Trudeau.
13:58 of 1st period - Shot Misses the Net.
14:00 of 1st period - Snap shot by Max Jones.
14:00 of 1st period - Shot Misses the Net.
14:02 of 1st period - Slapshot by Leon Gawanke.
14:02 of 1st period - Shot Blocked by Patrick Brown.
15:41 of 1st period - Snap shot by Valtteri Puustinen.
15:41 of 1st period - Stopped by Hunter Jones without a rebound.
15:42 of 1st period - Jonny Brodzinski wins face-off versus Tanner Laczynski in Cape Breton Oilers zone.
15:42 of 1st period - Jonny Brodzinski is hit by Jeremie Poirier.
16:06 of 1st period - Wrist shot by Alexey Toropchenko.
16:06 of 1st period - Shot Misses the Net.
16:32 of 1st period - Snap shot by Nicolas Deslauriers.
16:32 of 1st period - Shot Blocked by Wyatt Kaiser.
16:34 of 1st period - Snap shot by Jeremie Poirier.
16:34 of 1st period - Shot Misses the Net.
16:36 of 1st period - Snap shot by Peter Abbandonato.
16:36 of 1st period - Shot Misses the Net.
16:50 of 1st period - Wrist shot by Luke Evangelista.
16:50 of 1st period - Stopped by Philipp Grubauer without a rebound.
16:51 of 1st period - Patrick Brown wins face-off versus Jonny Brodzinski in Reno Silver Aces zone.
17:02 of 1st period - Snap shot by Patrick Brown.
17:02 of 1st period - Shot Blocked by Kevin Bahl.
17:04 of 1st period - Snap shot by Mathieu Olivier.
17:04 of 1st period - Goal by Mathieu Olivier - Reno Silver Aces : 1 - Cape Breton Oilers : 0.
17:05 of 1st period - Parker Kelly wins face-off versus Peter Abbandonato in neutral zone.
17:25 of 1st period - Parker Kelly is hit by Nicolas Deslauriers and loses puck.
17:44 of 1st period - Snap shot by Dominic Toninato.
17:44 of 1st period - Shot Blocked by Robert Bortuzzo.
17:46 of 1st period - Snap shot by Brennan Othmann.
17:46 of 1st period - Shot Blocked by Jon Merrill.
18:24 of 1st period - Wrist shot by Zachary L'Heureux.
18:24 of 1st period - Shot Misses the Net.
18:58 of 1st period - Snap shot by Valtteri Puustinen.
18:58 of 1st period - Stopped by Hunter Jones with a rebound.
19:00 of 1st period - Wrist shot by Tanner Laczynski.
19:00 of 1st period - Stopped by Hunter Jones with a rebound.
19:34 of 1st period - Dominic Toninato is hit by Dylan Coghlan and loses puck.
19:57 of 1st period - Slapshot by Max Jones.
19:57 of 1st period - Deflect By Brennan Othmann.
19:57 of 1st period - Stopped by Philipp Grubauer with a rebound.
19:59 of 1st period - Snap shot by Brennan Othmann.
19:59 of 1st period - Shot Misses the Net.
Goals for this period are 1 for Reno Silver Aces vs 0 for Cape Breton Oilers.
Shots for this period are 11 for Reno Silver Aces vs 6 for Cape Breton Oilers.
2nd period
0:01 of 2nd period - Tanner Laczynski wins face-off versus Parker Kelly in neutral zone.
0:16 of 2nd period - Snap shot by Michael Pezzetta.
0:16 of 2nd period - Stopped by Hunter Jones with a rebound.
1:11 of 2nd period - Snap shot by Brennan Othmann.
1:11 of 2nd period - Stopped by Philipp Grubauer with a rebound.
1:21 of 2nd period - Snap shot by Carl Grundstrom.
1:21 of 2nd period - Stopped by Philipp Grubauer with a rebound.
2:50 of 2nd period - Parker Kelly is hit by Valtteri Puustinen and loses puck.
2:57 of 2nd period - Dylan Coghlan is hit by Parker Kelly and loses puck.
3:03 of 2nd period - Off-side.
3:04 of 2nd period - Jonny Brodzinski wins face-off versus Nicolas Deslauriers in neutral zone.
3:17 of 2nd period - Snap shot by Luke Evangelista.
3:17 of 2nd period - Stopped by Philipp Grubauer without a rebound.
3:18 of 2nd period - Parker Kelly wins face-off versus Peter Abbandonato in Reno Silver Aces zone.
4:08 of 2nd period - Valtteri Puustinen is hit by Dominic Toninato and loses puck.
4:34 of 2nd period - Minor Penalty to Nathan Gaucher for Slashing.
4:35 of 2nd period - Valtteri Puustinen wins face-off versus Will Cuylle in Reno Silver Aces zone.
5:07 of 2nd period - Slapshot by Jonny Brodzinski.
5:07 of 2nd period - Shot Misses the Net.
5:53 of 2nd period - Wrist shot by Parker Kelly.
5:53 of 2nd period - Stopped by Philipp Grubauer with a rebound.
5:55 of 2nd period - Wrist shot by Parker Kelly.
5:55 of 2nd period - Shot Misses the Net.
5:57 of 2nd period - Wrist shot by Alexey Toropchenko.
5:57 of 2nd period - Shot Misses the Net.
5:59 of 2nd period - Slapshot by Vladislav Kolyachonok.
5:59 of 2nd period - Stopped by Philipp Grubauer without a rebound.
6:00 of 2nd period - Vinnie Hinostroza wins face-off versus Parker Kelly in Reno Silver Aces zone.
6:09 of 2nd period - Wrist shot by Brett Seney.
6:09 of 2nd period - Goal by Brett Seney - Reno Silver Aces : 1 - Cape Breton Oilers : 1.
6:10 of 2nd period - Parker Kelly wins face-off versus Peter Abbandonato in neutral zone.
6:22 of 2nd period - Off-side.
6:23 of 2nd period - Peter Abbandonato wins face-off versus Parker Kelly in neutral zone.
6:50 of 2nd period - Luke Evangelista is hit by Brendan Lemieux and loses puck.
6:57 of 2nd period - Snap shot by Patrick Brown.
6:57 of 2nd period - Stopped by Hunter Jones with a rebound.
8:01 of 2nd period - Slapshot by Luke Evangelista.
8:01 of 2nd period - Stopped by Philipp Grubauer with a rebound.
8:03 of 2nd period - Snap shot by Jonny Brodzinski.
8:03 of 2nd period - Shot Misses the Net.
8:05 of 2nd period - Snap shot by Will Cuylle.
8:05 of 2nd period - Stopped by Philipp Grubauer with a rebound.
8:07 of 2nd period - Wrist shot by Luke Evangelista.
8:07 of 2nd period - Shot Misses the Net.
8:17 of 2nd period - Alexey Toropchenko is hit by Mathieu Olivier and loses puck.
8:22 of 2nd period - Snap shot by Patrick Brown.
8:22 of 2nd period - Deflect By Brendan Lemieux.
8:22 of 2nd period - Shot Blocked by Alexey Toropchenko.
8:22 of 2nd period - Puck is out of play.
8:23 of 2nd period - Dominic Toninato wins face-off versus Tanner Laczynski in Cape Breton Oilers zone.
8:23 of 2nd period - Dominic Toninato is hit by Robert Bortuzzo.
8:38 of 2nd period - Wrist shot by Brennan Othmann.
8:38 of 2nd period - Shot Blocked by Robert Bortuzzo.
9:05 of 2nd period - Icing by Vinnie Hinostroza.
9:06 of 2nd period - Patrick Brown wins face-off versus Parker Kelly in Reno Silver Aces zone.
9:06 of 2nd period - Patrick Brown is hit by Parker Kelly.
9:12 of 2nd period - Wrist shot by Brendan Lemieux.
9:12 of 2nd period - Stopped by Hunter Jones without a rebound.
9:13 of 2nd period - Parker Kelly wins face-off versus Patrick Brown in Cape Breton Oilers zone.
9:26 of 2nd period - Snap shot by Mathieu Olivier.
9:26 of 2nd period - Shot Misses the Net.
9:28 of 2nd period - Slapshot by Ty Smith.
9:28 of 2nd period - Deflect By Mathieu Olivier.
9:28 of 2nd period - Shot Misses the Net.
9:28 of 2nd period - Puck is out of play.
9:29 of 2nd period - Peter Abbandonato wins face-off versus Jonny Brodzinski in Cape Breton Oilers zone.
9:30 of 2nd period - Wrist shot by Vinnie Hinostroza.
9:30 of 2nd period - Stopped by Hunter Jones without a rebound.
9:31 of 2nd period - Peter Abbandonato wins face-off versus Jonny Brodzinski in Cape Breton Oilers zone.
9:36 of 2nd period - Wrist shot by Nicolas Deslauriers.
9:36 of 2nd period - Shot Misses the Net.
9:38 of 2nd period - Slapshot by Nicolas Deslauriers.
9:38 of 2nd period - Shot Misses the Net.
9:40 of 2nd period - Slapshot by Peter Abbandonato.
9:40 of 2nd period - Shot Blocked by Kevin Bahl.
10:08 of 2nd period - Snap shot by Alexey Toropchenko.
10:08 of 2nd period - Shot Blocked by Valtteri Puustinen.
10:28 of 2nd period - Slapshot by Patrick Brown.
10:28 of 2nd period - Deflect By Mathieu Olivier.
10:28 of 2nd period - Stopped by Hunter Jones without a rebound.
10:29 of 2nd period - Peter Abbandonato wins face-off versus Parker Kelly in Cape Breton Oilers zone.
10:32 of 2nd period - Snap shot by Nicolas Deslauriers.
10:32 of 2nd period - Stopped by Hunter Jones without a rebound.
10:33 of 2nd period - Nicolas Deslauriers wins face-off versus Parker Kelly in Cape Breton Oilers zone.
10:49 of 2nd period - Icing by Dylan Coghlan.
10:50 of 2nd period - Peter Abbandonato wins face-off versus Jonny Brodzinski in Reno Silver Aces zone.
10:56 of 2nd period - Off-side.
10:57 of 2nd period - Tanner Laczynski wins face-off versus Jonny Brodzinski in neutral zone.
11:20 of 2nd period - Will Cuylle is hit by Valtteri Puustinen and loses puck.
11:57 of 2nd period - Snap shot by Valtteri Puustinen.
11:57 of 2nd period - Stopped by Hunter Jones without a rebound.
11:58 of 2nd period - Nicolas Deslauriers wins face-off versus Alexey Toropchenko in Cape Breton Oilers zone.
12:06 of 2nd period - Minor Penalty to William Trudeau for Cross-checking.
12:07 of 2nd period - Tanner Laczynski wins face-off versus Max Jones in Cape Breton Oilers zone.
12:09 of 2nd period - Wrist shot by Mathieu Olivier.
12:09 of 2nd period - Stopped by Hunter Jones with a rebound.
12:11 of 2nd period - Slapshot by Jon Merrill.
12:11 of 2nd period - Stopped by Hunter Jones with a rebound.
12:13 of 2nd period - Snap shot by Robert Bortuzzo.
12:13 of 2nd period - Shot Misses the Net.
12:37 of 2nd period - Slapshot by Jon Merrill.
12:37 of 2nd period - Shot Misses the Net.
14:06 of 2nd period - Penalty to William Trudeau is over, William Trudeau is back on ice.
15:39 of 2nd period - Patrick Brown is hit by Max Jones and loses puck.
16:49 of 2nd period - Brendan Lemieux is hit by Philip Broberg and loses puck.
17:02 of 2nd period - William Dufour is hit by William Trudeau and loses puck.
17:07 of 2nd period - Wrist shot by Parker Kelly.
17:07 of 2nd period - Shot Blocked by Ty Smith.
17:44 of 2nd period - Jon Merrill is hit by Carl Grundstrom and loses puck.
17:55 of 2nd period - Jon Merrill is hit by Jonny Brodzinski.
18:21 of 2nd period - Alex Belzile is hit by William Dufour and loses puck.
19:21 of 2nd period - Snap shot by Carl Grundstrom.
19:21 of 2nd period - Shot Misses the Net.
19:23 of 2nd period - Snap shot by Alex Belzile.
19:23 of 2nd period - Shot Misses the Net.
Goals for this period are 0 for Reno Silver Aces vs 1 for Cape Breton Oilers.
Shots for this period are 9 for Reno Silver Aces vs 8 for Cape Breton Oilers.
3rd period
0:01 of 3rd period - Peter Abbandonato wins face-off versus Parker Kelly in neutral zone.
0:04 of 3rd period - Slapshot by Jon Merrill.
0:04 of 3rd period - Shot Blocked by Philip Broberg.
0:06 of 3rd period - Slapshot by Peter Abbandonato.
0:06 of 3rd period - Shot Hit the Post.
0:08 of 3rd period - Slapshot by Nicolas Deslauriers.
0:08 of 3rd period - Stopped by Hunter Jones without a rebound.
0:09 of 3rd period - Peter Abbandonato wins face-off versus Brett Seney in Cape Breton Oilers zone.
0:12 of 3rd period - Wrist shot by Vinnie Hinostroza.
0:12 of 3rd period - Stopped by Hunter Jones without a rebound.
0:13 of 3rd period - Peter Abbandonato wins face-off versus Parker Kelly in Cape Breton Oilers zone.
0:24 of 3rd period - Slapshot by Parker Kelly.
0:24 of 3rd period - Stopped by Philipp Grubauer with a rebound.
0:26 of 3rd period - Snap shot by Brett Seney.
0:26 of 3rd period - Shot Misses the Net.
1:21 of 3rd period - Snap shot by Zachary L'Heureux.
1:21 of 3rd period - Shot Misses the Net.
1:23 of 3rd period - Snap shot by Dylan Coghlan.
1:23 of 3rd period - Stopped by Hunter Jones with a rebound.
1:25 of 3rd period - Backhand shot by Dylan Coghlan.
1:25 of 3rd period - Stopped by Hunter Jones with a rebound.
1:35 of 3rd period - Snap shot by Vinnie Hinostroza.
1:35 of 3rd period - Shot Misses the Net.
1:41 of 3rd period - Wrist shot by Max Jones.
1:41 of 3rd period - Stopped by Philipp Grubauer without a rebound.
1:42 of 3rd period - Tanner Laczynski wins face-off versus Parker Kelly in Reno Silver Aces zone.
2:07 of 3rd period - Philip Broberg is hit by Robert Bortuzzo and loses puck.
2:20 of 3rd period - Brennan Othmann is hit by Jon Merrill and loses puck.
2:54 of 3rd period - Vladislav Kolyachonok is hit by Michael Pezzetta and loses puck.
3:17 of 3rd period - Snap shot by Nathan Gaucher.
3:17 of 3rd period - Shot Misses the Net.
3:34 of 3rd period - Snap shot by Dominic Toninato.
3:34 of 3rd period - Stopped by Philipp Grubauer with a rebound.
3:44 of 3rd period - Will Cuylle is hit by Jeremie Poirier.
3:48 of 3rd period - Brendan Lemieux is hit by Will Cuylle and loses puck.
4:05 of 3rd period - Dylan Coghlan is hit by Brett Seney and loses puck.
4:16 of 3rd period - Vladislav Kolyachonok is hit by Dylan Coghlan and loses puck.
4:35 of 3rd period - Vinnie Hinostroza is hit by Alexey Toropchenko and loses puck.
4:53 of 3rd period - Jon Merrill is hit by Will Cuylle and loses puck.
5:15 of 3rd period - Tanner Laczynski is hit by Max Jones and loses puck.
5:37 of 3rd period - Brett Seney is hit by Mathieu Olivier and loses puck.
5:56 of 3rd period - Wrist shot by Zachary L'Heureux.
5:56 of 3rd period - Shot Misses the Net.
5:58 of 3rd period - Slapshot by William Dufour.
5:58 of 3rd period - Shot Misses the Net.
6:00 of 3rd period - Wrist shot by Nathan Gaucher.
6:00 of 3rd period - Shot Misses the Net.
6:02 of 3rd period - Snap shot by Zachary L'Heureux.
6:02 of 3rd period - Shot Blocked by Leon Gawanke.
7:21 of 3rd period - Off-side.
7:22 of 3rd period - Tanner Laczynski wins face-off versus Alex Belzile in neutral zone.
8:10 of 3rd period - Slapshot by Patrick Brown.
8:10 of 3rd period - Deflect By Luke Evangelista.
8:10 of 3rd period - Shot Misses the Net.
8:10 of 3rd period - Puck is out of play.
8:11 of 3rd period - Vinnie Hinostroza wins face-off versus Brett Seney in Cape Breton Oilers zone.
8:12 of 3rd period - Wrist shot by Nicolas Deslauriers.
8:12 of 3rd period - Shot Blocked by Wyatt Kaiser.
8:25 of 3rd period - Wrist shot by Vinnie Hinostroza.
8:25 of 3rd period - Stopped by Hunter Jones without a rebound.
8:26 of 3rd period - Tanner Laczynski wins face-off versus Jonny Brodzinski in Cape Breton Oilers zone.
9:12 of 3rd period - Wrist shot by Dominic Toninato.
9:12 of 3rd period - Stopped by Philipp Grubauer without a rebound.
9:13 of 3rd period - Patrick Brown wins face-off versus Dominic Toninato in Reno Silver Aces zone.
9:20 of 3rd period - Slapshot by Dominic Toninato.
9:20 of 3rd period - Shot Misses the Net.
9:22 of 3rd period - Slapshot by Brennan Othmann.
9:22 of 3rd period - Shot Blocked by Jon Merrill.
9:24 of 3rd period - Slapshot by Philip Broberg.
9:24 of 3rd period - Shot Misses the Net.
9:26 of 3rd period - Slapshot by Kevin Bahl.
9:26 of 3rd period - Stopped by Philipp Grubauer with a rebound.
9:28 of 3rd period - Backhand shot by Kevin Bahl.
9:28 of 3rd period - Shot Blocked by Jon Merrill.
9:30 of 3rd period - Slapshot by Dominic Toninato.
9:30 of 3rd period - Shot Misses the Net.
9:32 of 3rd period - Snap shot by Max Jones.
9:32 of 3rd period - Stopped by Philipp Grubauer with a rebound.
9:53 of 3rd period - Off-side.
9:54 of 3rd period - Tanner Laczynski wins face-off versus Parker Kelly in neutral zone.
9:57 of 3rd period - Wrist shot by Valtteri Puustinen.
9:57 of 3rd period - Shot Misses the Net.
10:07 of 3rd period - Slapshot by Philip Broberg.
10:07 of 3rd period - Shot Blocked by Ty Smith.
10:09 of 3rd period - Snap shot by Brett Seney.
10:09 of 3rd period - Shot Misses the Net.
10:56 of 3rd period - Wrist shot by Luke Evangelista.
10:56 of 3rd period - Stopped by Philipp Grubauer without a rebound.
10:57 of 3rd period - Tanner Laczynski wins face-off versus Parker Kelly in Reno Silver Aces zone.
10:59 of 3rd period - Minor Penalty to Tanner Laczynski for Goalie Interference.
11:00 of 3rd period - Valtteri Puustinen wins face-off versus Parker Kelly in Reno Silver Aces zone.
11:00 of 3rd period - Valtteri Puustinen is hit by Brett Seney.
11:14 of 3rd period - Minor Penalty to Vladislav Kolyachonok for Tripping.
11:15 of 3rd period - Valtteri Puustinen wins face-off versus Alexey Toropchenko in Cape Breton Oilers zone.
11:31 of 3rd period - Wrist shot by Valtteri Puustinen.
11:31 of 3rd period - Shot Misses the Net.
11:49 of 3rd period - Snap shot by Parker Kelly.
11:49 of 3rd period - Shot Blocked by Robert Bortuzzo.
11:51 of 3rd period - Snap shot by Max Jones.
11:51 of 3rd period - Shot Blocked by Jon Merrill.
11:53 of 3rd period - Slapshot by Philip Broberg.
11:53 of 3rd period - Stopped by Philipp Grubauer with a rebound.
12:00 of 3rd period - Icing by Mathieu Olivier.
12:01 of 3rd period - Valtteri Puustinen wins face-off versus Alexey Toropchenko in Reno Silver Aces zone.
12:10 of 3rd period - Wrist shot by Michael Pezzetta.
12:10 of 3rd period - Stopped by Hunter Jones without a rebound.
12:11 of 3rd period - Parker Kelly wins face-off versus Vinnie Hinostroza in Cape Breton Oilers zone.
12:20 of 3rd period - Wrist shot by Mathieu Olivier.
12:20 of 3rd period - Shot Blocked by Parker Kelly.
12:22 of 3rd period - Slapshot by Dylan Coghlan.
12:22 of 3rd period - Deflect By Max Jones.
12:22 of 3rd period - Stopped by Hunter Jones with a rebound.
12:24 of 3rd period - Snap shot by Ty Smith.
12:24 of 3rd period - Stopped by Hunter Jones without a rebound.
12:25 of 3rd period - Valtteri Puustinen wins face-off versus Alexey Toropchenko in Cape Breton Oilers zone.
12:28 of 3rd period - Slapshot by Valtteri Puustinen.
12:28 of 3rd period - Shot Misses the Net.
12:38 of 3rd period - Slapshot by Alexey Toropchenko.
12:38 of 3rd period - Shot Misses the Net.
12:59 of 3rd period - Penalty to Tanner Laczynski is over, Tanner Laczynski is back on ice.
13:00 of 3rd period - Wrist shot by Luke Evangelista.
13:00 of 3rd period - Stopped by Philipp Grubauer with a rebound.
13:14 of 3rd period - Penalty to Vladislav Kolyachonok is over, Vladislav Kolyachonok is back on ice.
13:16 of 3rd period - Slapshot by Dylan Coghlan.
13:16 of 3rd period - Deflect By Michael Pezzetta.
13:16 of 3rd period - Stopped by Hunter Jones without a rebound.
13:17 of 3rd period - Peter Abbandonato wins face-off versus Dominic Toninato in Cape Breton Oilers zone.
13:24 of 3rd period - Wrist shot by Vinnie Hinostroza.
13:24 of 3rd period - Shot Misses the Net.
13:42 of 3rd period - Vinnie Hinostroza is hit by Luke Evangelista and loses puck.
14:27 of 3rd period - Vladislav Kolyachonok is hit by Zachary L'Heureux and loses puck.
15:00 of 3rd period - Wrist shot by Alexey Toropchenko.
15:00 of 3rd period - Stopped by Philipp Grubauer with a rebound.
16:20 of 3rd period - Michael Pezzetta is hit by Luke Evangelista and loses puck.
16:50 of 3rd period - Dominic Toninato is hit by Nathan Gaucher and loses puck.
16:59 of 3rd period - Snap shot by William Dufour.
16:59 of 3rd period - Shot Blocked by Dominic Toninato.
17:01 of 3rd period - Snap shot by Zachary L'Heureux.
17:01 of 3rd period - Goal by Zachary L'Heureux - Reno Silver Aces : 2 - Cape Breton Oilers : 1.
17:02 of 3rd period - Alex Belzile wins face-off versus Patrick Brown in neutral zone.
17:05 of 3rd period - Slapshot by Philip Broberg.
17:05 of 3rd period - Stopped by Philipp Grubauer with a rebound.
17:34 of 3rd period - Snap shot by Zachary L'Heureux.
17:34 of 3rd period - Stopped by Hunter Jones without a rebound.
17:35 of 3rd period - Dominic Toninato wins face-off versus Tanner Laczynski in Cape Breton Oilers zone.
17:40 of 3rd period - Snap shot by Valtteri Puustinen.
17:40 of 3rd period - Stopped by Hunter Jones without a rebound.
17:41 of 3rd period - Tanner Laczynski wins face-off versus Dominic Toninato in Cape Breton Oilers zone.
17:56 of 3rd period - Snap shot by Brennan Othmann.
17:56 of 3rd period - Stopped by Philipp Grubauer with a rebound.
18:07 of 3rd period - Minor Penalty to Vladislav Kolyachonok for Cross-checking.
18:08 of 3rd period - Patrick Brown wins face-off versus Alexey Toropchenko in Cape Breton Oilers zone.
18:35 of 3rd period - Robert Bortuzzo is hit by Alexey Toropchenko and loses puck.
18:48 of 3rd period - Slapshot by Michael Pezzetta.
18:48 of 3rd period - Stopped by Hunter Jones with a rebound.
18:50 of 3rd period - Snap shot by Patrick Brown.
18:50 of 3rd period - Stopped by Hunter Jones without a rebound.
18:51 of 3rd period - Sheldon Keefe call a timeout for Cape Breton Oilers.
18:51 of 3rd period - Alexey Toropchenko wins face-off versus Tanner Laczynski in Cape Breton Oilers zone.
19:06 of 3rd period - Snap shot by Mathieu Olivier.
19:06 of 3rd period - Stopped by Hunter Jones with a rebound.
19:16 of 3rd period - Michael Pezzetta is hit by William Trudeau and loses puck.
19:23 of 3rd period - Snap shot by Patrick Brown.
19:23 of 3rd period - Stopped by Hunter Jones with a rebound.
19:25 of 3rd period - Snap shot by Michael Pezzetta.
19:25 of 3rd period - Shot Misses the Net.
Goals for this period are 1 for Reno Silver Aces vs 0 for Cape Breton Oilers.
Shots for this period are 16 for Reno Silver Aces vs 12 for Cape Breton Oilers.
Back to the Top